| TOP OF THE 1ST |
|
Columbia Fireflies batting - Pitching for Biloxi Shuckers : RHP Jonathon Crunk
|
|
Pitching: RHP Jonathon Crunk
|
|
|
Batting: RHB Billy Walker
|
0-0: Called Strike 0-1: Swinging Strike 0-2: SINGLE (Line Drive, 7S, EV 104.4 MPH)
|
|
Batting: LHB Joey Biber
|
0-0: Ball Billy Walker is caught stealing 2nd base 2-6 1-0: Called Strike 1-1: Called Strike 1-2: Ball 2-2: Strikes out swinging
|
|
Batting: RHB Jeff MacPhee
|
0-0: Called Strike 0-1: Ball 1-1: Ball 2-1: Foul Ball, location: 2F 2-2: SINGLE (Groundball, 56, EV 99.4 MPH)
|
|
Batting: LHB Roy Blonski
|
0-0: Ball 1-0: Called Strike 1-1: Ball 2-1: Foul Ball, location: 2F 2-2: Foul Ball, location: 2F 2-2: Ball 3-2: DOUBLE (Line Drive, 5D, EV 103.8 MPH) Jeff MacPhee to third Jeff MacPhee scores
|
|
Batting: LHB Marc Durgin
|
0-0: Fly out, F4 (Popup, 34S, EV 82.5 MPH)
|
| Top of the 1st over - 1 run, 3 hits, 0 errors, 1 left on base; Columbia 1 - Biloxi 0 |
| BOTTOM OF THE 1ST |
|
Biloxi Shuckers batting - Pitching for Columbia Fireflies : RHP Bryan Dorne
|
|
Pitching: RHP Bryan Dorne
|
|
|
Batting: RHB Akitada Nishizawa
|
0-0: Called Strike 0-1: Swinging Strike 0-2: Strikes out swinging
|
|
Batting: LHB Mike Staley
|
0-0: Called Strike 0-1: Ball 1-1: Reached on error, E5 (Groundball, 5L, EV 108.8 MPH)
|
|
Batting: SHB Jamel Wright
|
0-0: Ball Mike Staley is caught stealing 2nd base 2-6 1-0: Ball 2-0: Ball 3-0: Called Strike 3-1: Base on Balls
|
|
Batting: RHB Tim Lively
|
0-0: Called Strike 0-1: Ball Jamel Wright steals 2nd base (no throw) 1-1: Ball 2-1: Ball 3-1: Fly out, F8 (Flyball, 8LXD, EV 103.8 MPH)
|
| Bottom of the 1st over - 0 runs, 0 hits, 1 error, 1 left on base; Columbia 1 - Biloxi 0 |
| TOP OF THE 2ND |
|
Columbia Fireflies batting - Pitching for Biloxi Shuckers : RHP Jonathon Crunk
|
|
Batting: RHB Mike Phillips
|
0-0: Called Strike 0-1: Swinging Strike 0-2: Strikes out swinging
|
|
Batting: RHB Yoshiro Higuchi
|
0-0: Swinging Strike 0-1: Ball 1-1: Called Strike 1-2: Strikes out swinging
|
|
Batting: RHB Jonathan Jelich
|
0-0: Called Strike 0-1: Swinging Strike 0-2: Strikes out swinging, 2-3 out at first.
|
| Top of the 2nd over - 0 runs, 0 hits, 0 errors, 0 left on base; Columbia 1 - Biloxi 0 |
| BOTTOM OF THE 2ND |
|
Biloxi Shuckers batting - Pitching for Columbia Fireflies : RHP Bryan Dorne
|
|
Batting: RHB Eddie McCoy
|
0-0: Ball 1-0: Fly out, F9 (Flyball, 89S, EV 88.1 MPH)
|
|
Batting: RHB Joe LaDue
|
0-0: Called Strike 0-1: Swinging Strike 0-2: Strikes out looking
|
|
Batting: RHB Bobby Heagle
|
0-0: Ball 1-0: Called Strike 1-1: SINGLE (Line Drive, 9S, EV 100.6 MPH)
|
|
Batting: RHB Gene Sutton
|
0-0: Ball 1-0: Ball 2-0: Fielders Choice at 2nd, 6-4 (Groundball, 6, EV 80.0 MPH)
|
| Bottom of the 2nd over - 0 runs, 1 hit, 0 errors, 1 left on base; Columbia 1 - Biloxi 0 |
| TOP OF THE 3RD |
|
Columbia Fireflies batting - Pitching for Biloxi Shuckers : RHP Jonathon Crunk
|
|
Batting: RHB Ricky Trejo
|
0-0: Foul Ball, location: 2F 0-1: Foul Ball, location: 2F 0-2: Ground out 5-3 (Groundball, 56, EV 83.8 MPH)
|
|
Batting: RHB Billy Walker
|
0-0: Ball 1-0: Foul Ball, location: 2F 1-1: Ball 2-1: Ball 3-1: Foul Ball, location: 2F 3-2: SINGLE (Groundball, 6MD, EV 96.3 MPH)
|
|
Batting: LHB Joey Biber
|
0-0: Called Strike Billy Walker steals 2nd base 0-1: Swinging Strike 0-2: Strikes out swinging
|
|
Batting: RHB Jeff MacPhee
|
0-0: Foul Ball, location: 2F 0-1: Called Strike 0-2: Ball 1-2: Ball 2-2: Foul Ball, location: 2F 2-2: Foul Ball, location: 2F 2-2: Reached on error, E5 (Groundball, 56, EV 86.3 MPH) Billy Walker to third
|
|
Batting: LHB Roy Blonski
|
0-0: Ball 1-0: Ball 2-0: Ground out 5-3 (Groundball, 56S, EV 75.0 MPH)
|
| Top of the 3rd over - 0 runs, 1 hit, 1 error, 2 left on base; Columbia 1 - Biloxi 0 |
| BOTTOM OF THE 3RD |
|
Biloxi Shuckers batting - Pitching for Columbia Fireflies : RHP Bryan Dorne
|
|
Batting: RHB Jamie Youngs
|
0-0: Called Strike 0-1: Ground out 6-3 (Groundball, 6, EV 100.6 MPH)
|
|
Batting: RHB Akitada Nishizawa
|
0-0: Called Strike 0-1: Ball 1-1: Ball 2-1: Ball 3-1: Foul Ball, location: 2F 3-2: Base on Balls
|
|
Batting: LHB Mike Staley
|
0-0: Ball Akitada Nishizawa steals 2nd base 1-0: Ball Akitada Nishizawa steals 3rd base 2-0: Fly out, F8 (Flyball, 78D, EV 91.9 MPH) Runner from 3rd tags up, SCORES, throw by CF
|
|
Batting: SHB Jamel Wright
|
0-0: Ball 1-0: Called Strike 1-1: Called Strike 1-2: Foul Ball, location: 2F 1-2: Foul Ball, location: 2F 1-2: Foul Ball, location: 2F 1-2: Strikes out swinging
|
| Bottom of the 3rd over - 1 run, 0 hits, 0 errors, 0 left on base; Columbia 1 - Biloxi 1 |
| TOP OF THE 4TH |
|
Columbia Fireflies batting - Pitching for Biloxi Shuckers : RHP Jonathon Crunk
|
|
Batting: LHB Marc Durgin
|
0-0: Ball 1-0: Called Strike 1-1: Ground out 4-3 (Groundball, 4S, EV 86.3 MPH)
|
|
Batting: RHB Mike Phillips
|
0-0: Ball 1-0: Fly out, F9 (Flyball, 9LS, EV 89.4 MPH)
|
|
Batting: RHB Yoshiro Higuchi
|
0-0: Foul Ball, location: 2F 0-1: Ball 1-1: Swinging Strike 1-2: Ball 2-2: Strikes out swinging
|
| Top of the 4th over - 0 runs, 0 hits, 0 errors, 0 left on base; Columbia 1 - Biloxi 1 |
| BOTTOM OF THE 4TH |
|
Biloxi Shuckers batting - Pitching for Columbia Fireflies : RHP Bryan Dorne
|
|
Batting: RHB Tim Lively
|
0-0: Ground out U3 (Groundball, 34, EV 100.6 MPH)
|
|
Batting: RHB Eddie McCoy
|
0-0: Foul Ball, location: 2F 0-1: Foul Ball, location: 2F 0-2: Fly out, F3 (Popup, 3SF, EV 79.4 MPH)
|
|
Batting: RHB Joe LaDue
|
0-0: Ball 1-0: Ball 2-0: Called Strike 2-1: Foul Ball, location: 2F 2-2: Ball 3-2: Foul Ball, location: 2F 3-2: Foul Ball, location: 2F 3-2: SINGLE (Line Drive, 4M, EV 106.3 MPH)
|
|
Batting: RHB Bobby Heagle
|
0-0: Called Strike Joe LaDue steals 2nd base 0-1: Ball 1-1: Ball 2-1: Fly out, F8 (Flyball, 8LD, EV 95.0 MPH)
|
| Bottom of the 4th over - 0 runs, 1 hit, 0 errors, 1 left on base; Columbia 1 - Biloxi 1 |
| TOP OF THE 5TH |
|
Columbia Fireflies batting - Pitching for Biloxi Shuckers : RHP Jonathon Crunk
|
|
Batting: RHB Jonathan Jelich
|
0-0: Called Strike 0-1: Ball 1-1: Foul Ball, location: 2F 1-2: Hit by Pitch
|
|
Batting: RHB Ricky Trejo
|
0-0: Ball 1-0: Foul Ball, location: 2F 1-1: Ball 2-1: Ball Jonathan Jelich steals 2nd base 3-1: Foul Ball, location: 2F 3-2: Foul Ball, location: 2F 3-2: Ground out U3 (Groundball, 3, EV 96.9 MPH) Jonathan Jelich to third
|
|
Batting: RHB Billy Walker
|
0-0: Called Strike 0-1: Called Strike 0-2: Ball 1-2: Foul Ball, location: 2F 1-2: Ball 2-2: Strikes out swinging
|
|
Batting: LHB Joey Biber
|
0-0: Ball 1-0: Ball 2-0: Ground out U3 (Groundball, 34S, EV 94.4 MPH)
|
| Top of the 5th over - 0 runs, 0 hits, 0 errors, 1 left on base; Columbia 1 - Biloxi 1 |
| BOTTOM OF THE 5TH |
|
Biloxi Shuckers batting - Pitching for Columbia Fireflies : RHP Bryan Dorne
|
|
Batting: RHB Gene Sutton
|
0-0: Called Strike 0-1: Ball 1-1: Foul Ball, location: 2F 1-2: Ball 2-2: Foul Ball, location: 2F 2-2: Ground out 5-3 (Groundball, 56, EV 97.5 MPH)
|
|
Batting: RHB Jamie Youngs
|
0-0: Called Strike 0-1: Swinging Strike 0-2: Ball 1-2: Strikes out swinging
|
|
Batting: RHB Akitada Nishizawa
|
0-0: Foul Ball, location: 2F 0-1: Ball 1-1: Foul Ball, location: 2F 1-2: Foul Ball, location: 2F 1-2: Ground out 5-3 (Groundball, 56S, EV 93.8 MPH)
|
| Bottom of the 5th over - 0 runs, 0 hits, 0 errors, 0 left on base; Columbia 1 - Biloxi 1 |
| TOP OF THE 6TH |
|
Columbia Fireflies batting - Pitching for Biloxi Shuckers : RHP Jonathon Crunk
|
|
Batting: RHB Jeff MacPhee
|
0-0: Ball 1-0: Ball 2-0: Called Strike 2-1: Ball 3-1: Called Strike 3-2: Foul Ball, location: 2F 3-2: Foul Ball, location: 2F 3-2: SINGLE (Groundball, 4MD, EV 95.6 MPH)
|
|
Batting: LHB Roy Blonski
|
0-0: Foul Ball, location: 2F 0-1: Ball 1-1: Grounds into double play, 6-4-3 (Groundball, 6M, EV 102.5 MPH)
|
|
Batting: LHB Marc Durgin
|
0-0: Foul Ball, location: 2F 0-1: Called Strike 0-2: Ball 1-2: Ball 2-2: Ball 3-2: Foul Ball, location: 2F 3-2: Fly out, F8 (Flyball, 8RM, EV 94.4 MPH)
|
| Top of the 6th over - 0 runs, 1 hit, 0 errors, 0 left on base; Columbia 1 - Biloxi 1 |
| BOTTOM OF THE 6TH |
|
Biloxi Shuckers batting - Pitching for Columbia Fireflies : RHP Bryan Dorne
|
|
Batting: LHB Mike Staley
|
0-0: Swinging Strike 0-1: Ball 1-1: Fly out, F9 (Flyball, 89M, EV 84.4 MPH)
|
|
Batting: SHB Jamel Wright
|
0-0: Called Strike 0-1: Called Strike 0-2: Ball 1-2: Ball 2-2: Foul Ball, location: 2F 2-2: Strikes out swinging
|
|
Batting: RHB Tim Lively
|
0-0: Ball 1-0: Foul Ball, location: 2F 1-1: Called Strike 1-2: Strikes out swinging
|
| Bottom of the 6th over - 0 runs, 0 hits, 0 errors, 0 left on base; Columbia 1 - Biloxi 1 |
| TOP OF THE 7TH |
|
Columbia Fireflies batting - Pitching for Biloxi Shuckers : RHP Jonathon Crunk
|
|
Pitching: RHP Jason Miles
|
|
|
Batting: RHB Mike Phillips
|
0-0: Ball 1-0: Called Strike 1-1: Foul Ball, location: 2F 1-2: Foul Ball, location: 2F 1-2: Foul Ball, location: 2F 1-2: Ball 2-2: Ground out 6-3 (Groundball, 6, EV 82.5 MPH)
|
|
Batting: RHB Yoshiro Higuchi
|
0-0: Ball 1-0: Ground out 4-3 (Groundball, 4, EV 88.1 MPH)
|
|
Batting: RHB Jonathan Jelich
|
0-0: Foul Ball, location: 2F 0-1: SINGLE (Line Drive, 8RS, EV 98.8 MPH)
|
|
Batting: RHB Ricky Trejo
|
0-0: Ball 1-0: Ball 2-0: Ball 3-0: Foul Ball, location: 2F 3-1: SINGLE (Groundball, 6MD, EV 101.9 MPH) Jonathan Jelich to second Runner from 2nd tries for 3rd, SAFE, throw by CF made to third
|
|
Batting: RHB Billy Walker
|
0-0: Called Strike 0-1: Foul Ball, location: 2F 0-2: Strikes out looking
|
| Top of the 7th over - 0 runs, 2 hits, 0 errors, 2 left on base; Columbia 1 - Biloxi 1 |
| BOTTOM OF THE 7TH |
|
Biloxi Shuckers batting - Pitching for Columbia Fireflies : RHP Bryan Dorne
|
|
Batting: RHB Eddie McCoy
|
0-0: Foul Ball, location: 2F 0-1: Ground out 1-3 (Groundball, 15S, EV 75.0 MPH)
|
|
Batting: RHB Joe LaDue
|
0-0: Foul Ball, location: 2F 0-1: Ball 1-1: Ball 2-1: Foul Ball, location: 2F 2-2: Foul Ball, location: 2F 2-2: Ball 3-2: Foul Ball, location: 2F 3-2: Foul Ball, location: 2F 3-2: Fly out, F7 (Flyball, 78S, EV 87.5 MPH)
|
|
Batting: RHB Bobby Heagle
|
0-0: Foul Ball, location: 2F 0-1: Foul Ball, location: 2F 0-2: Ball 1-2: SINGLE (Groundball, 56D, EV 101.9 MPH)
|
|
Pitching: LHP Brad Harris
|
|
|
Batting: RHB Gene Sutton
|
0-0: Called Strike 0-1: Ball 1-1: Called Strike 1-2: Foul Ball, location: 2F 1-2: Foul Ball, location: 2F 1-2: Foul Ball, location: 2F 1-2: Fielders Choice at 2nd, 6-4 (Groundball, 6, EV 107.5 MPH)
|
| Bottom of the 7th over - 0 runs, 1 hit, 0 errors, 1 left on base; Columbia 1 - Biloxi 1 |
| TOP OF THE 8TH |
|
Columbia Fireflies batting - Pitching for Biloxi Shuckers : RHP Jason Miles
|
|
Pitching: LHP Nate Tate
|
|
|
Batting: LHB Joey Biber
|
0-0: Ball 1-0: Called Strike 1-1: Ball 2-1: Ball 3-1: Base on Balls
|
|
Batting: RHB Jeff MacPhee
|
0-0: Ball 1-0: Called Strike 1-1: SINGLE (Line Drive, 56D, EV 98.8 MPH) Joey Biber to second
|
|
Batting: LHB Roy Blonski
|
0-0: Ball 1-0: Foul Ball, location: 2F 1-1: Foul Ball, location: 2F 1-2: Strikes out looking
|
|
Pinch Hitting: RHB Bobby Campbell
|
0-0: Ball 1-0: Ball 2-0: Foul Ball, location: 2F 2-1: Swinging Strike 2-2: Foul Ball, location: 2F 2-2: Strikes out swinging
|
|
Batting: RHB Mike Phillips
|
0-0: Ball 1-0: Called Strike 1-1: Foul Ball, location: 2F 1-2: Ball 2-2: Ball 3-2: Foul Ball, location: 2F 3-2: SINGLE (Groundball, 6MD, EV 106.3 MPH) Joey Biber to third Jeff MacPhee to second Joey Biber scores Jeff MacPhee to third
|
|
Batting: RHB Yoshiro Higuchi
|
0-0: Fly out, F8 (Line Drive, 8LM, EV 86.3 MPH)
|
| Top of the 8th over - 1 run, 2 hits, 0 errors, 2 left on base; Columbia 2 - Biloxi 1 |
| BOTTOM OF THE 8TH |
|
Biloxi Shuckers batting - Pitching for Columbia Fireflies : LHP Brad Harris
|
|
Pitching: RHP Casey Cuomo
|
|
|
Now in CF: Pete DeHart
|
|
|
Batting: RHB Jamie Youngs
|
0-0: Ball 1-0: Ball 2-0: Called Strike 2-1: Foul Ball, location: 2F 2-2: Foul Ball, location: 2F 2-2: Ball 3-2: Strikes out swinging
|
|
Batting: RHB Akitada Nishizawa
|
0-0: Called Strike 0-1: Ball 1-1: Ball 2-1: Foul Ball, location: 2F 2-2: Ball 3-2: Fly out, F7 (Flyball, 78S, EV 75.6 MPH)
|
|
Batting: LHB Mike Staley
|
0-0: Ball 1-0: Foul Ball, location: 2F 1-1: Called Strike 1-2: Strikes out swinging
|
| Bottom of the 8th over - 0 runs, 0 hits, 0 errors, 0 left on base; Columbia 2 - Biloxi 1 |
| TOP OF THE 9TH |
|
Columbia Fireflies batting - Pitching for Biloxi Shuckers : LHP Nate Tate
|
|
Pitching: RHP Austin Trzcinski
|
|
|
Batting: RHB Jonathan Jelich
|
0-0: Called Strike 0-1: Fly out, F5 (Popup, 56S, EV 66.3 MPH)
|
|
Batting: RHB Ricky Trejo
|
0-0: SINGLE (Line Drive, 34, EV 109.4 MPH)
|
|
Batting: RHB Billy Walker
|
0-0: Fly out, F4 (Popup, 4D, EV 56.9 MPH)
|
|
Batting: LHB Joey Biber
|
0-0: Ball Ricky Trejo is caught stealing 2nd base 2-6
|
| Top of the 9th over - 0 runs, 1 hit, 0 errors, 0 left on base; Columbia 2 - Biloxi 1 |
| BOTTOM OF THE 9TH |
|
Biloxi Shuckers batting - Pitching for Columbia Fireflies : RHP Casey Cuomo
|
|
Pitching: RHP Ryan Wilson
|
|
|
Batting: SHB Jamel Wright
|
0-0: Ball 1-0: Foul Ball, location: 2F 1-1: Called Strike 1-2: Ball 2-2: SINGLE (Groundball, 4MD, EV 102.5 MPH)
|
|
Batting: LHB Alan Bianchard
|
0-0: Ball 1-0: Called Strike 1-1: Ball 2-1: Ball 3-1: Fielders Choice at 2nd, 6-4 (Groundball, 56, EV 78.1 MPH)
|
|
Batting: RHB Eddie McCoy
|
0-0: Ball 1-0: Foul Ball, location: 2F 1-1: Foul Ball, location: 2F 1-2: Foul Ball, location: 2F 1-2: Ball 2-2: Ball 3-2: Fly out, F7 (Flyball, 78S, EV 88.1 MPH)
|
|
Batting: RHB Joe LaDue
|
0-0: Called Strike 0-1: Foul Ball, location: 2F 0-2: Ball 1-2: Ground out 4-3 (Groundball, 4, EV 103.8 MPH)
|
| Bottom of the 9th over - 0 runs, 1 hit, 0 errors, 1 left on base; Columbia 2 - Biloxi 1 |
|